[ AOE2 MATCH · #469630717 ]
1v1 RMTurks vs Inca
Player's team · WIN
Rival team · LOSS
[ REPLAY ANALYSIS · EXTRACTED FROM THE RECORDED GAME ]
Feudal
12:40
Castle
24:25
Imperial
—
| APM avg | 21.9 |
| APM peak | 47 |
| eAPM avg | 14.4 |
| Villagers / military | 78 / 22 |
Focus
⚔️ 21.0% · 🌾 79.0%
Fishing Ship ×21 · Unknown (2626) ×17 · Fire Galley ×9 · Janissary ×9 · Transport Ship ×2 · Monk ×2
Feudal
12:02
Castle
18:45
Imperial
—
| APM avg | 23.5 |
| APM peak | 72 |
| eAPM avg | 9.1 |
| Villagers / military | 60 / 31 |
Focus
⚔️ 23.7% · 🌾 76.3%
Unknown (2626) ×11 · Petard ×11 · Fishing Ship ×10 · Fire Galley ×8 · Skirmisher ×5 · Kamayuk ×5
Match map
Initial resources + every placement click. Lines = walls · curves = elevation contours. ◆ gold · ⬟ stone · ● berries · ✦ relic · ◌ wall gap
Your base· ✓ Map-separated
5mes9600's base· ✓ Map-separated
Smoothed initial terrain · ◌ = detected wall gap · hover for details
Inputs per minute
— titillating - - 5mes9600
Build order — titillating
First 150 of 209 actions detected
| 0:00 | Create | Villager (Male) |
| 0:01 | Create | Villager (Male) |
| 0:01 | Create | Villager (Male) |
| 0:01 | Create | Villager (Male) |
| 0:02 | Build | House |
| 0:03 | Build | House |
| 1:19 | Create | Villager (Male) |
| 1:53 | Create | Villager (Male) |
| 2:04 | Build | Dock |
| 2:35 | Create | Villager (Male) |
| 2:53 | Create | Villager (Male) |
| 2:55 | Create | Villager (Male) |
| 3:49 | Create | Villager (Male) |
| 4:14 | Create | Villager (Male) |
| 4:26 | Build | Lumber Camp |
| 4:47 | Create | Villager (Male) |
| 4:51 | Build | House |
| 4:54 | Create | Villager (Male) |
| 5:47 | Create | Transport Ship |
| 5:59 | Create | Villager (Male) |
| 6:00 | Create | Villager (Male) |
| 6:21 | Create | Fishing Ship |
| 6:37 | Create | Villager (Male) |
| 6:45 | Create | Villager (Male) |
| 6:50 | Build | House |
| 6:56 | Create | Fishing Ship |
| 7:35 | Build | House |
| 7:37 | Create | Villager (Male) |
| 7:40 | Create | Fishing Ship |
| 8:08 | Create | Villager (Male) |
| 8:14 | Create | Fishing Ship |
| 8:33 | Create | Villager (Male) |
| 9:07 | Research | Loom |
| 9:09 | Create | Fishing Ship |
| 9:09 | Create | Fishing Ship |
| 9:27 | Create | Villager (Male) |
| 9:42 | Build | Lumber Camp |
| 9:55 | Create | Villager (Male) |
| 10:07 | Build | House |
| 10:09 | Build | House |
| 10:21 | Build | House |
| 10:23 | Create | Villager (Male) |
| 10:30 | Research | Feudal Age |
| 10:50 | Build | Mill |
| 11:10 | Build | Mining Camp |
| 11:24 | Create | Villager (Male) |
| 11:25 | Create | Villager (Male) |
| 11:26 | Create | Villager (Male) |
| 11:30 | Create | Fishing Ship |
| 11:30 | Create | Fishing Ship |
| 12:16 | Build | Farm |
| 12:21 | Build | Dock |
| 12:40 | Age | Feudal Age |
| 13:10 | Create | Unit 2626 |
| 13:11 | Create | Unit 2626 |
| 13:11 | Create | Unit 2626 |
| 13:23 | Create | Fishing Ship |
| 13:23 | Create | Fishing Ship |
| 13:24 | Create | Fishing Ship |
| 13:24 | Create | Fishing Ship |
| 13:29 | Build | House |
| 13:52 | Create | Villager (Male) |
| 14:03 | Create | Fishing Ship |
| 14:06 | Build | House |
| 14:10 | Create | Villager (Male) |
| 14:10 | Create | Villager (Male) |
| 14:27 | Create | Fishing Ship |
| 14:38 | Research | Double-Bit Axe |
| 15:07 | Create | Fishing Ship |
| 15:13 | Research | Wheelbarrow |
| 16:35 | Build | Mill |
| 16:40 | Create | Villager (Male) |
| 16:55 | Create | Fire Galley |
| 16:55 | Create | Fire Galley |
| 16:55 | Create | Fire Galley |
| 17:05 | Create | Villager (Male) |
| 17:06 | Create | Villager (Male) |
| 17:07 | Create | Villager (Male) |
| 17:16 | Build | Blacksmith |
| 18:13 | Build | House |
| 18:14 | Build | House |
| 18:16 | Build | House |
| 18:25 | Create | Villager (Male) |
| 18:54 | Create | Fishing Ship |
| 18:54 | Create | Fishing Ship |
| 18:54 | Create | Fishing Ship |
| 18:55 | Create | Villager (Male) |
| 19:14 | Create | Villager (Male) |
| 19:32 | Create | Unit 2626 |
| 19:32 | Create | Unit 2626 |
| 19:40 | Create | Fishing Ship |
| 19:40 | Create | Fishing Ship |
| 20:05 | Build | Market |
| 21:05 | Create | Unit 2626 |
| 21:06 | Create | Unit 2626 |
| 21:06 | Create | Unit 2626 |
| 21:06 | Create | Unit 2626 |
| 21:20 | Create | Villager (Male) |
| 21:29 | Create | Fishing Ship |
| 21:40 | Create | Villager (Male) |
| 21:41 | Create | Villager (Male) |
| 21:45 | Research | Castle Age |
| 21:49 | Build | Lumber Camp |
| 22:16 | Create | Unit 2626 |
| 22:16 | Create | Unit 2626 |
| 22:23 | Create | Unit 2626 |
| 22:24 | Create | Unit 2626 |
| 22:34 | Create | Villager (Male) |
| 22:34 | Create | Villager (Male) |
| 22:34 | Create | Villager (Male) |
| 23:56 | Build | Mining Camp |
| 24:25 | Age | Castle Age |
| 24:28 | Build | Town Center |
| 24:40 | Create | Villager (Male) |
| 24:53 | Build | Lumber Camp |
| 24:57 | Create | Villager (Male) |
| 25:11 | Research | War Galley (upgrade) |
| 25:23 | Build | House |
| 25:26 | Build | House |
| 25:30 | Build | House |
| 25:35 | Create | Villager (Male) |
| 25:36 | Create | Villager (Male) |
| 25:41 | Build | Mining Camp |
| 25:58 | Create | Villager (Male) |
| 25:59 | Create | Villager (Male) |
| 25:59 | Create | Villager (Male) |
| 25:59 | Create | Villager (Male) |
| 25:59 | Create | Villager (Male) |
| 26:00 | Create | Villager (Male) |
| 26:00 | Create | Villager (Male) |
| 26:06 | Build | Monastery |
| 26:27 | Build | Farm |
| 26:27 | Build | Farm |
| 26:27 | Build | Farm |
| 26:27 | Build | Farm |
| 26:27 | Build | Farm |
| 26:37 | Research | Gold Mining |
| 27:07 | Research | Stone Mining |
| 27:32 | Create | Unit 2626 |
| 27:32 | Create | Unit 2626 |
| 27:32 | Create | Unit 2626 |
| 27:33 | Create | Unit 2626 |
| 27:47 | Create | Fire Galley |
| 27:47 | Create | Fire Galley |
| 27:48 | Create | Fire Galley |
| 27:48 | Create | Fire Galley |
| 27:48 | Create | Fire Galley |
| 27:48 | Create | Fire Galley |
| 27:59 | Create | Villager (Male) |
| 28:07 | Create | Monk |
Build order — 5mes9600
First 150 of 175 actions detected
| 0:06 | Build | House |
| 0:08 | Build | House |
| 0:09 | Create | Villager (Male) |
| 0:10 | Create | Villager (Male) |
| 0:10 | Create | Villager (Male) |
| 0:10 | Create | Villager (Male) |
| 0:10 | Create | Villager (Male) |
| 1:43 | Create | Villager (Male) |
| 2:16 | Create | Villager (Male) |
| 2:44 | Build | Settlement |
| 2:53 | Create | Villager (Male) |
| 2:55 | Create | Villager (Male) |
| 3:24 | Create | Villager (Male) |
| 3:24 | Create | Villager (Male) |
| 3:48 | Create | Villager (Male) |
| 3:49 | Create | Villager (Male) |
| 4:39 | Create | Villager (Male) |
| 4:39 | Create | Villager (Male) |
| 4:39 | Create | Villager (Male) |
| 5:08 | Create | Villager (Male) |
| 5:08 | Create | Villager (Male) |
| 5:34 | Create | Villager (Male) |
| 5:35 | Create | Villager (Male) |
| 6:00 | Create | Villager (Male) |
| 6:02 | Create | Villager (Male) |
| 6:23 | Create | Villager (Male) |
| 6:27 | Create | Villager (Male) |
| 7:01 | Create | Villager (Male) |
| 7:01 | Create | Villager (Male) |
| 7:38 | Build | Dock |
| 7:49 | Create | Villager (Male) |
| 7:49 | Create | Villager (Male) |
| 9:10 | Create | Fishing Ship |
| 9:11 | Create | Fishing Ship |
| 9:11 | Create | Fishing Ship |
| 9:12 | Create | Fishing Ship |
| 9:52 | Research | Feudal Age |
| 10:24 | Build | Settlement |
| 11:01 | Build | Farm |
| 11:03 | Build | Farm |
| 11:38 | Create | Villager (Male) |
| 11:38 | Create | Villager (Male) |
| 12:02 | Age | Feudal Age |
| 12:10 | Create | Villager (Male) |
| 12:11 | Create | Villager (Male) |
| 12:22 | Research | Double-Bit Axe |
| 13:11 | Create | Villager (Male) |
| 13:31 | Build | Blacksmith |
| 13:36 | Build | Market |
| 13:46 | Create | Villager (Male) |
| 13:47 | Create | Villager (Male) |
| 13:53 | Build | Farm |
| 13:59 | Research | Horse Collar |
| 14:05 | Create | Fishing Ship |
| 15:06 | Create | Villager (Male) |
| 15:24 | Create | Villager (Male) |
| 16:02 | Build | Farm |
| 16:05 | Research | Castle Age |
| 16:32 | Create | Fire Galley |
| 16:34 | Create | Fire Galley |
| 16:36 | Create | Unit 2626 |
| 16:37 | Create | Unit 2626 |
| 16:38 | Create | Unit 2626 |
| 16:44 | Create | Fishing Ship |
| 16:44 | Create | Fishing Ship |
| 17:03 | Build | Settlement |
| 18:02 | Create | Unit 2626 |
| 18:03 | Create | Unit 2626 |
| 18:45 | Age | Castle Age |
| 18:46 | Build | Dock |
| 18:49 | Create | Villager (Male) |
| 18:50 | Create | Villager (Male) |
| 18:50 | Create | Villager (Male) |
| 18:50 | Create | Villager (Male) |
| 19:01 | Build | Town Center |
| 19:33 | Create | Unit 2626 |
| 19:34 | Create | Fire Galley |
| 19:47 | Create | Unit 2626 |
| 19:48 | Create | Fire Galley |
| 19:58 | Create | Villager (Male) |
| 19:58 | Create | Villager (Male) |
| 19:58 | Create | Villager (Male) |
| 19:59 | Create | Villager (Male) |
| 20:41 | Create | Fire Galley |
| 20:41 | Create | Fire Galley |
| 21:17 | Create | Unit 2626 |
| 21:17 | Create | Unit 2626 |
| 21:28 | Build | Farm |
| 21:28 | Build | Farm |
| 21:28 | Build | Farm |
| 21:29 | Build | Farm |
| 21:29 | Build | Farm |
| 21:40 | Build | Farm |
| 21:40 | Build | Farm |
| 21:40 | Build | Farm |
| 21:41 | Build | Farm |
| 21:41 | Build | Farm |
| 21:41 | Build | Farm |
| 21:42 | Build | Farm |
| 21:42 | Build | Farm |
| 21:42 | Build | Farm |
| 21:42 | Build | Farm |
| 21:46 | Create | Villager (Male) |
| 21:47 | Create | Villager (Male) |
| 21:47 | Create | Villager (Male) |
| 22:03 | Create | Fishing Ship |
| 22:04 | Create | Fishing Ship |
| 22:04 | Create | Fishing Ship |
| 22:33 | Create | Transport Ship |
| 22:39 | Create | Transport Ship |
| 22:46 | Create | Villager (Male) |
| 22:46 | Create | Villager (Male) |
| 22:46 | Create | Villager (Male) |
| 23:31 | Research | Heavy Plow |
| 23:55 | Create | Villager (Male) |
| 23:55 | Create | Villager (Male) |
| 23:55 | Create | Villager (Male) |
| 24:12 | Build | House |
| 24:14 | Build | House |
| 24:16 | Build | House |
| 24:17 | Build | House |
| 24:53 | Create | Unit 2626 |
| 24:53 | Create | Unit 2626 |
| 24:58 | Create | Fire Galley |
| 24:58 | Create | Fire Galley |
| 25:43 | Create | Villager (Male) |
| 25:44 | Create | Villager (Male) |
| 25:44 | Create | Villager (Male) |
| 25:56 | Build | Farm |
| 25:56 | Build | Farm |
| 25:57 | Build | Farm |
| 25:57 | Build | Farm |
| 25:57 | Build | Farm |
| 25:57 | Build | Farm |
| 25:58 | Build | Farm |
| 26:01 | Create | Villager (Male) |
| 26:01 | Create | Villager (Male) |
| 26:01 | Create | Villager (Male) |
| 26:04 | Research | Wheelbarrow |
| 26:05 | Research | Town Watch |
| 26:45 | Build | Castle |
| 28:33 | Build | Watch Tower |
| 28:47 | Build | Barracks |
| 29:51 | Build | Archery Range |
| 30:02 | Build | Settlement |
| 30:26 | Build | Farm |
| 30:27 | Build | Farm |
| 30:29 | Build | Farm |
| 30:32 | Build | Farm |
| 30:51 | Create | Petard |
Match timeline
| 2:04 | titillating · first_building Dock |
| 7:38 | 5mes9600 · first_building Dock |
| 12:02 | 5mes9600 · age_up feudal |
| 12:40 | titillating · age_up feudal |
| 18:45 | 5mes9600 · age_up castle |
| 21:58 | titillating · first_market_buy 100 wood |
| 24:25 | titillating · age_up castle |
| 26:06 | titillating · first_building Monastery |
| 26:45 | 5mes9600 · first_building Castle |
| 27:42 | titillating · first_market_sell 100 food |
| 28:47 | 5mes9600 · first_building Barracks |
| 29:51 | 5mes9600 · first_building Archery Range |
| 31:51 | titillating · first_building Castle |
| 33:21 | 5mes9600 · resign |
[ AI ANALYSIS · 1 CREDIT ]
What really happened in this match?
Wolo.gg analyzes every decision: build order, eco, micro, common mistakes by bracket. Personalized analysis on WhatsApp or Discord in 30 seconds.
Civ guide
Turks
Map guide
Migration
Perfil
Jugador #24915127